 Dungeon Crawl Stone Soup version 0.22-a0-392-g5dc3fd9 (webtiles) character file.

6507 DrEnzyme the Blocker (level 11, -1/80 HPs)
             Began as a Human Fighter on May 1, 2018.
             Was a Believer of Trog.
             Slain by a two-headed ogre
             ... wielding a +0 giant spiked club
              (10 damage)
             ... on level 9 of the Dungeon.
             The game lasted 00:58:07 (10548 turns).

DrEnzyme the Blocker (Human Fighter)               Turns: 10548, Time: 00:58:07

Health: -1/80      AC: 15    Str: 22    XL:     11   Next: 20%
Magic:  11/11      EV:  6    Int: 11    God:    Trog [**....]
Gold:   439        SH: 12    Dex: 12    Spells: 10/10 levels left

rFire    . . .     SeeInvis .   J - +2 war axe (chop)
rCold    . . .     Gourm    .   c - +0 shield
rNeg     . . .     Faith    .   K - +0 plate armour (curse)
rPois    .         Spirit   .   b - +0 helmet
rElec    +         Reflect  .   (no cloak)
rCorr    .         Harm     .   N - +0 pair of gloves
MR       ++...     Rnd*Rage +   (no boots)
Stlth    ..........             (no amulet)
HPRegen  1.23/turn              x - +2 ring of strength
MPRegen  0.12/turn              (no ring)

@: regenerating
A: berserk 2, clever 1, electricity resistance
a: Berserk, Trog's Hand, Renounce Religion


You were on level 9 of the Dungeon.
You worshipped Trog.
Trog was pleased with you.
You were hungry.

You visited 1 branch of the dungeon, and saw 9 of its levels.
You also visited: Ossuary.

You collected 559 gold pieces.
You spent 120 gold pieces at shops.

Inventory:

Hand Weapons
 a - a +1 whip of electrocution
 k - a +0 long sword
 q - a +0 mace
 u - a +0 flail
 J - a +2 war axe of chopping (weapon)
 Q - a +1 falchion of freezing
 R - a cursed +1 mace of pain
 S - a +1 mace of protection
Missiles
 E - 8 poisoned javelins (quivered)
Armour
 b - a +0 helmet (worn)
 c - a +0 shield (worn)
 h - a +0 scale mail
 m - a +1 robe of magic resistance
 w - a +0 pair of gloves
 K - a cursed +0 plate armour (worn)
 N - a +0 pair of gloves (worn)
Jewellery
 x - a +2 ring of strength (left hand)
 I - an uncursed ring of teleportation
Wands
 L - a wand of polymorph (19)
 M - a wand of enslavement (10)
 O - a wand of flame (12)
Scrolls
 e - a scroll of enchant armour
 g - 4 scrolls of remove curse
 i - 5 scrolls of identify
 o - a scroll of amnesia
 p - 2 scrolls of blinking
 t - 3 scrolls of noise
 y - a scroll of brand weapon {unknown}
 C - 3 scrolls of fear
 F - a scroll of magic mapping
 G - a scroll of enchant weapon {unknown}
 H - a scroll of holy word
Potions
 d - a potion of might
 j - 4 potions of curing
 l - 3 potions of degeneration
 n - 2 potions of mutation
 r - 2 potions of flight
 s - a potion of lignification
 v - 2 potions of heal wounds {unknown}
 z - 2 potions of cancellation
 A - 2 potions of agility {unknown}
 B - a potion of ambrosia
 D - a potion of magic
 P - a potion of resistance {unknown}
Comestibles
 f - 15 rations


   Skills:
 + Level 5.2 Fighting
 - Level 2.0 Long Blades
 + Level 4.7(7.3) Axes
 * Level 8.7(9.2) Maces & Flails
   Level 4.0 Slings
 + Level 0.8(2.6) Throwing
 + Level 6.4 Armour
 + Level 2.2 Dodging
 + Level 1.4 Stealth
 * Level 9.8 Shields


You had 10 spell levels left.
You didn't know any spells.

Dungeon Overview and Level Annotations

Branches:
Dungeon (9/15)             Temple (0/1) D:5            Lair (0/6) D:9
    Orc: D:9-12

Altars:
Ashenzari
Dithmenos
Fedhas
Makhleb
Ru
Trog
Uskayaw
Yredelemnul
The Shining One

Shops:
D:4 ?   D:9 *

Annotations:
D:3 exclusion: downstairs
D:7 exclusion: downstairs
D:9 1 runed door


Innate Abilities, Weirdness & Mutations

You often lose your temper in combat.
Your mind is acute. (Int +2)
You are resistant to electric shocks. (rElec)


Message History

The two-headed ogre is almost dead.
You block the two-headed ogre's attack.
The two-headed ogre hits you with a giant club.
* * * LOW HITPOINT WARNING * * *
There is a stone staircase leading up here.
You hit the two-headed ogre but do no damage.
The two-headed ogre is severely wounded.
You block the two-headed ogre's attack. x2
Your skin crawls.
You feel resistant to hostile enchantments.
You feel somewhat more hungry. You block the two-headed ogre's attack.
The two-headed ogre barely misses you.
You slash the two-headed ogre!
The two-headed ogre is almost dead.
Your shield and plate armour prevent you from hitting the two-headed ogre.
The two-headed ogre is almost dead.
The two-headed ogre hits you with a giant spiked club!
* * * LOW HITPOINT WARNING * * *
The two-headed ogre hits you with a giant club!
You die...

###..###.# #........ # #..# ..
#.# ######... # #..# ## #.###
#... # #..### #...# #... #
#....##### ####.#.# #... #
##.#.#... ....#.# #.## #
#.#.#(###.. #..#.# #<#
####..........####..#.########.#
.........####...@O.............#
######.### #########.##########
#.##############.#
#...)............#
##################


You could see a two-headed ogre.

Vanquished Creatures
  2 two-headed ogres (D:9)
  The ghost of drpain the Nimble, a novice SpAs (D:7)
  Grinder (D:4)
  Prince Ribbit (D:7)
  A wraith (D:8)
  Menkaure (D:7)
  Duvessa (D:6)
  Purgy (D:4)
  4 orc warriors
  A necrophage (D:8)
  A black bear (D:6)
  An ice beast (D:5)
  A phantom (D:5)
  7 ogres
  A crocodile (D:9)
  A centaur (D:9)
  A bullfrog (D:7)
  Dowan (D:6)
  2 scorpions (D:5)
  A wyvern skeleton (D:6)
  10 killer bees
  3 wights (D:8)
  A howler monkey (D:6)
  A quasit (D:9)
  A bullfrog zombie (D:8)
  2 centaur zombies
  4 hounds
  4 jellies
  5 human zombies
  2 human skeletons (D:8)
  2 bullfrog skeletons
  10 worker ants
  Natasha (thrice) (D:4 D:5)
  12 orc wizards
  A killer bee zombie (D:8)
  2 big kobold zombies (Ossuary)
  A hound skeleton (D:8)
  5 mummies
  Robin (D:2)
  4 gnolls (D:4)
  12 adders
  3 oozes
  2 adder skeletons (D:6)
  3 worms
  3 dart slugs
  7 leopard geckos
  40 orcs
  7 giant cockroaches
  19 goblins
  13 hobgoblins
  5 jackals
  5 quokkas
  3 ball pythons
  10 bats
  3 frilled lizards
  2 goblin zombies (Ossuary)
  8 hobgoblin zombies (Ossuary)
  A jackal zombie (Ossuary)
  13 kobolds
  9 kobold zombies (Ossuary)
  11 orc zombies (Ossuary)
  7 rats
  2 rat zombies (Ossuary)
293 creatures vanquished.

Notes
Turn   | Place    | Note
-------+----------+-------------------------------------------
     0 | D:1      | DrEnzyme the Human Fighter began the quest for the Orb.
     0 | D:1      | Reached XP level 1. HP: 18/18 MP: 1/1
   109 | D:1      | Reached XP level 2. HP: 24/24 MP: 2/2
   303 | D:1      | Reached XP level 3. HP: 29/29 MP: 3/3
   327 | D:1      | Reached skill level 1 in Slings
   847 | D:2      | Found a sacrificial altar of Ru.
   866 | D:2      | Reached XP level 4. HP: 31/35 MP: 4/4
  1125 | D:2      | Noticed Robin
  1238 | D:2      | Killed Robin
  1238 | D:2      | Reached skill level 1 in Maces & Flails
  1238 | D:2      | Reached XP level 5. HP: 40/41 MP: 5/5
  1841 | D:2      | Reached skill level 4 in Shields
  1984 | D:2      | Reached skill level 1 in Stealth
  2509 | D:3      | Reached XP level 6. HP: 43/47 MP: 6/6
  2923 | D:4      | Found a bloodstained altar of Trog.
  2951 | D:4      | Found Jemu's Magic Scroll Emporium.
  2978 | D:4      | Found a hide-covered altar of Uskayaw.
  2978 | D:4      | Found a sand-covered staircase.
  2982 | Ossuary  | Entered an ossuary
  3297 | Ossuary  | Reached XP level 7. HP: 40/52 MP: 7/7
  3704 | D:4      | Noticed Natasha
  3713 | D:4      | Killed Natasha
  3853 | D:4      | Noticed Purgy
  3884 | D:4      | Killed Purgy
  3884 | D:4      | Reached skill level 1 in Dodging
  3974 | D:4      | Noticed Grinder
  4254 | D:4      | Reached skill level 5 in Shields
  4456 | D:4      | Noticed Natasha
  4462 | D:4      | Killed Natasha
  4462 | D:4      | Reached XP level 8. HP: 57/58 MP: 8/8
  4609 | D:4      | Noticed Natasha
  4625 | D:5      | Entered Level 5 of the Dungeon
  4631 | D:5      | Killed Natasha
  4768 | D:5      | Found a staircase to the Ecumenical Temple.
  4792 | D:5      | Found a shattered altar of Ashenzari.
  4874 | D:5      | Reached skill level 5 in Maces & Flails
  5013 | D:4      | Killed Grinder
  5119 | D:4      | Bought a scroll of identify for 24 gold pieces
  5119 | D:4      | Bought a scroll of remove curse for 36 gold pieces
  5119 | D:4      | Bought a scroll of remove curse for 36 gold pieces
  5119 | D:4      | Bought a scroll of identify for 24 gold pieces
  5127 | D:4      | Gained mutation: You tend to lose your temper in combat. [potion of mutation]
  5127 | D:4      | Gained mutation: You are resistant to electric shocks. (rElec) [potion of mutation]
  5127 | D:4      | Gained mutation: You often lose your temper in combat. [potion of mutation]
  5127 | D:4      | Gained mutation: Your mind is acute. (Int +2) [potion of mutation]
  5236 | D:4      | Became a worshipper of Trog the Wrathful
  5356 | D:5      | Reached skill level 6 in Shields
  5526 | D:5      | Reached XP level 9. HP: 65/65 MP: 9/9
  5932 | D:5      | Found a blossoming altar of Fedhas.
  6201 | D:6      | Found a glowing golden altar of the Shining One.
  6259 | D:6      | Found a shadowy altar of Dithmenos.
  6380 | D:6      | Reached skill level 5 in Armour
  6490 | D:6      | Noticed Duvessa
  6490 | D:6      | Noticed Dowan
  6497 | D:6      | Killed Duvessa
  6752 | D:6      | Killed Dowan
  6762 | D:6      | Reached skill level 7 in Shields
  6789 | D:6      | Reached * piety under Trog
  6867 | D:6      | Found a burning altar of Makhleb.
  7391 | D:7      | Noticed Menkaure
  7397 | D:7      | Noticed Prince Ribbit
  7399 | D:7      | Killed Menkaure
  7632 | D:7      | Killed Prince Ribbit
  7812 | D:7      | Reached XP level 10. HP: 45/73 MP: 10/10
  8278 | D:7      | Noticed drpain's ghost (novice SpAs)
  8313 | D:7      | Killed drpain's ghost
  8402 | D:8      | Reached skill level 1 in Axes
  8402 | D:8      | Reached skill level 8 in Shields
  8406 | D:8      | Reached ** piety under Trog
  8555 | D:8      | Found a basalt altar of Yredelemnul.
  9589 | D:8      | Reached skill level 9 in Shields
  9680 | D:9      | Found a staircase to the Lair.
  9779 | D:9      | Noticed a two-headed ogre
  9791 | D:9      | Killed a two-headed ogre
  9791 | D:9      | Reached XP level 11. HP: 78/78 MP: 11/11
  9824 | D:9      | Found a runed door.
  9824 | D:9      | Noticed a sixfirhy
  9842 | D:9      | Reached *** piety under Trog
  9842 | D:9      | Reached skill level 5 in Fighting
 10230 | D:9      | Found Yraurobe's General Store.
 10283 | D:9      | Noticed a two-headed ogre
 10294 | D:9      | Killed a two-headed ogre
 10500 | D:9      | Noticed a two-headed ogre
 10548 | D:9      | Slain by a two-headed ogre

Vault maps used:
D:1:      minmay_arrival_split_and_join
D:2:      nicolae_ru_great_annihilating_truth, first_ration, uniq_robin
D:4:      lightli_temple_of_fire, lemuel_round_altar, gup_ossuary_entry_pyramid,
          serial_shops, shop, uniq_grinder, uniq_purgy, uniq_natasha
D:5:      ashenzari_altar_1, minmay_temple_entry_from_below_a, minivault_25,
          fedhas_altar_2
D:6:      kennysheep_diamond, minmay_statues_item, hangedman_feature_mirror,
          grunt_dithmenos_smoke, uniq_duvessa
D:7:      minmay_misc_feat_plants, uniq_menkaure, uniq_prince_ribbit1
D:8:      lemuel_mausoleum_altar_yredelemnul
D:9:      cheibrodos_shockbox, kennysheep_mini, lair_entry_dummy, david_orc_2,
          serial_shops, shop, shop
Ossuary:  ossuary_tomb_1

Skill      XL: |  1  2  3  4  5  6  7  8  9 10 11 |
---------------+----------------------------------+-----
Slings         | 1 2 3 4 |  4.0
Maces & Flails | 1 2 4 5 7 8 |  8.7
Shields        | 4 5 6 7 9 |  9.8
Stealth        | 1 |  1.4
Dodging        | 1 2 |  2.2
Armour         | 4 5 6 |  6.4
Fighting       | 4 5 |  5.2
Axes           | 3 4 |  4.7
Long Blades    | |  2.0
Throwing       | |  0.8

Action                   |  1- 3 |  4- 6 |  7- 9 | 10-12 || total
-------------------------+-------+-------+-------+-------++-------
Melee: Long sword        |    36 |       |       |       ||    36
       Whip              |    34 |   239 |   423 |    10 ||   706
       War axe           |       |       |       |   299 ||   299
 Fire: Hunting sling     |    28 |    49 |     9 |       ||    86
Throw: Stone             |     3 |    12 |     3 |       ||    18
Invok: Berserk           |       |       |     3 |     5 ||     8
       Trog's Hand       |       |       |       |     4 ||     4
Evoke: Wand              |       |       |       |     2 ||     2
  Use: Scroll            |       |     8 |    12 |     1 ||    21
       Potion            |       |     1 |     2 |     1 ||     4
  Eat: Chunk             |       |     7 |     6 |     7 ||    20
       Ration            |       |     1 |     3 |     2 ||     6
Armor: Scale mail        |    34 |    87 |   120 |     1 ||   242
       Plate armour      |       |       |       |   178 ||   178
Dodge: Dodged            |    27 |    51 |   108 |    78 ||   264
Block: Shield            |    44 |   110 |   184 |   228 ||   566
       Rpst.: Long sword |     4 |       |       |       ||     4

Table legend:
 A = Spawn XP
 B = Non-spawn XP
 C = Spawn XP percentage of total XP
 D = Spawn monster count
 E = Non-spawn monster count
 F = Spawn count percentage of total count
 G = Total turns spent on level
                    A         B        C        D         E        F      G
               +---------+---------+-------+---------+---------+-------+---------
         Total |       0 |    9297 |   0.0 |       0 |     293 |   0.0 | 10548
               +---------+---------+-------+---------+---------+-------+---------
           D:1 |       0 |      50 |   0.0 |       0 |      24 |   0.0 |   675
           D:2 |       0 |     167 |   0.0 |       0 |      49 |   0.0 |  1509
           D:3 |       0 |     143 |   0.0 |       0 |      24 |   0.0 |   866
           D:4 |       0 |     788 |   0.0 |       0 |      30 |   0.0 |  1405
           D:5 |       0 |     883 |   0.0 |       0 |      28 |   0.0 |  1181
           D:6 |       0 |     706 |   0.0 |       0 |      13 |   0.0 |  1095
           D:7 |       0 |    1702 |   0.0 |       0 |      28 |   0.0 |  1514
           D:8 |       0 |    1988 |   0.0 |       0 |      35 |   0.0 |   897
           D:9 |       0 |    2666 |   0.0 |       0 |      23 |   0.0 |   878
       Ossuary |       0 |     204 |   0.0 |       0 |      39 |   0.0 |   528
               +---------+---------+-------+---------+---------+-------+---------
